 Dungeon Crawl Stone Soup version 0.25.1-2-g60ff931 (webtiles) character file.

Game seed: 2297706568361138586

962 Atlas the Magician (level 7, -3/48 HPs)
             Began as a Mummy Ice Elementalist on Sept 14, 2020.
             Slain by a wight
             ... wielding a +0 long sword
              (4 damage)
             ... on level 6 of the Dungeon.
             The game lasted 00:08:06 (8431 turns).

Atlas the Magician (Mummy Ice Elementalist)         Turns: 8431, Time: 00:08:07

Health: -3/48      AC:  8    Str: 11    XL:     7   Next: 92%
Magic:  0/16       EV: 12    Int: 17    God:
Gold:   525        SH:  0    Dex: 12    Spells: 7/18 levels left

rFire    . . .     SeeInvis .   f - +1 whip (venom)
rCold    + + .     Gourm    .   (no shield)
rNeg     + + +     Faith    .   a - +0 robe
rPois    ∞         Spirit   .   (no helmet)
rElec    .         Reflect  .   j - scarf {rC+ rF+}
rCorr    .         Harm     .   (no gloves)
MR       .....                  (no boots)
Stlth    ++........             (no amulet)
HPRegen  0.16/turn              (no ring)
MPRegen  0.15/turn              (no ring)

@: icy armour, about to teleport, very slightly contaminated
A: no food or potions, fire vulnerability, cold resistance 1, negative energy
resistance 3, torment resistance, unbreathing
a: no special abilities


You were on level 6 of the Dungeon.
You were not hungry.

You visited 1 branch of the dungeon, and saw 7 of its levels.

You collected 525 gold pieces.

Inventory:

Hand Weapons
 f - a +1 whip of venom (weapon)
Armour
 a - a +0 robe (worn)
 j - a scarf of resistance (worn)
Wands
 l - a wand of polymorph (11)
 n - a wand of flame (6)
Scrolls
 b - 3 scrolls of identify
 c - 4 scrolls of teleportation
 d - 3 scrolls of enchant weapon
 e - 6 scrolls of immolation
 g - 2 scrolls of magic mapping
 h - 8 scrolls of remove curse
 i - a scroll of noise
 k - a scroll of fear


   Skills:
 + Level 1.5 Fighting
 + Level 2.1 Maces & Flails
 + Level 2.5 Dodging
 + Level 2.5 Stealth
 + Level 0.1 Unarmed Combat
 + Level 6.4 Spellcasting
 + Level 0.1 Charms
 + Level 0.1 Summonings
 + Level 5.9 Ice Magic


You had 7 spell levels left.
You knew the following spells:

 Your Spells              Type           Power        Failure   Level  Hunger
a - Freeze                Ice            ####         1%          1    N/A
b - Frozen Ramparts       Ice            ####..       3%          3    N/A
c - Ozocubu's Armour      Chrm/Ice       ###.....     11%         3    N/A
d - Summon Ice Beast      Ice/Summ       ###.....     34%         4    N/A

Your spell library contained the following spells:

 Spells                   Type           Power        Failure   Level  Hunger
 Hailstorm                Conj/Ice       ###.....     36%         4    N/A

Dungeon Overview and Level Annotations

Branches:
Dungeon (7/15)             Temple (0/1) D:6

Altars:
Cheibriados
Dithmenos
Fedhas
Uskayaw


Innate Abilities, Weirdness & Mutations

You do not eat or drink.
Your flesh is vulnerable to fire.
You are immune to poison.
Your flesh is cold resistant. (rC+)
You are immune to negative energy. (rN+++)
You are immune to unholy pain and torment.
You can survive without breathing.


Message History

Your ice beast hits the wight.
Your ice beast freezes the wight.
The wight resists.
You closely miss the wight.
The wight is heavily damaged.
Your ice beast hits the wight but does no damage.
You barely miss the wight.
The wight is heavily damaged.
The wight hits you with a +0 long sword!
* * * LOW HITPOINT WARNING * * *
Your ice beast barely misses the wight.
As you read the scroll of teleportation, it crumbles to dust.
You feel strangely unstable.
The wight hits you with a +0 long sword.
* * * LOW HITPOINT WARNING * * *
Your ice beast misses the wight.
Casting: Summon Ice Beast (quite dangerous; 34% risk of failure)
Confirm with . or Enter, or press ? or * to list all spells.
A film of ice covers your body!
The wight hits you with a +0 long sword.
You die...

####
##.......####......
#..................
##.................
##...[............
##.................
#...#..............
#...#..............
#.zY#............>.
##@##.........#....
####.........#....
#..........#....
##.........##..#
#..####..######
##.# #### ###


You could see a wight and a friendly ice beast (summoned).

Vanquished Creatures
  A sky beast (D:6)
  2 ogres (D:4)
  A bullfrog (D:6)
  A scorpion (D:4)
  A wight (D:7)
  A howler monkey (D:5)
  A centaur skeleton (D:4)
  A hound (D:6)
  2 bullfrog skeletons
  An iguana (D:6)
  4 worker ants
  10 adders
  3 gnolls (D:2)
  2 oozes
  An adder skeleton (D:4)
  4 worms
  2 dart slugs (D:4)
  7 leopard geckos
  13 orcs
  8 bats
  5 giant cockroaches
  10 goblins
  11 hobgoblins
  3 jackals (D:2)
  9 kobolds
  3 quokkas
  A frilled lizard (D:3)
  9 rats
117 creatures vanquished.

Vanquished Creatures (collateral kills)
  A wight (D:6)
1 creature vanquished.

Grand Total: 118 creatures vanquished

Notes
Turn   | Place    | Note
-------+----------+-------------------------------------------
     0 | D:1      | Atlas the Mummy Ice Elementalist began the quest for the
                  | Orb.
     0 | D:1      | Reached XP level 1. HP: 13/13 MP: 4/4
   240 | D:1      | Reached XP level 2. HP: 19/19 MP: 1/5
  1119 | D:1      | Reached XP level 3. HP: 24/24 MP: 5/7
  1203 | D:2      | Learned a level 3 spell: Frozen Ramparts
  1207 | D:2      | Learned a level 3 spell: Ozocubu's Armour
  1233 | D:2      | Reached skill level 3 in Spellcasting
  1532 | D:2      | Reached XP level 4. HP: 17/30 MP: 3/9
  2015 | D:2      | Reached skill level 4 in Spellcasting
  3150 | D:3      | Reached XP level 5. HP: 26/35 MP: 7/11
  4104 | D:3      | Found a blossoming altar of Fedhas.
  4547 | D:4      | Noticed an ogre
  4973 | D:4      | Noticed an ogre
  4985 | D:4      | Killed an ogre
  4985 | D:4      | Reached skill level 1 in Maces & Flails
  4985 | D:4      | Reached skill level 5 in Spellcasting
  4985 | D:4      | Reached XP level 6. HP: 36/42 MP: 9/13
  5032 | D:4      | Learned a level 4 spell: Summon Ice Beast
  5166 | D:4      | Found a hide-covered altar of Uskayaw.
  5167 | D:4      | Found a snail-covered altar of Cheibriados.
  5178 | D:4      | Reached skill level 1 in Fighting
  5186 | D:4      | Found a shadowy altar of Dithmenos.
  5320 | D:4      | Reached skill level 5 in Ice Magic
  5849 | D:4      | Reached XP level 7. HP: 38/48 MP: 8/15
  5981 | D:5      | Entered Level 5 of the Dungeon
  7053 | D:6      | Reached skill level 6 in Spellcasting
  7811 | D:6      | Found a staircase to the Ecumenical Temple.
  8378 | D:7      | Noticed a nameless horror
  8430 | D:6      | HP: 1/48 [wight/+0 long sword (5)]
  8431 | D:6      | Slain by a wight

Illustrated notes

Levels and vault maps discovered:
D:1:      saegor_arrival_miasma, layout_loops_ring
D:2:      layout_loops_ring
D:3:      wad_crossroads, layout_loops_cross, fedhas_altar_3,
          minmay_quadrilaterals
D:4:      layout_gridville, grunt_temple_overflow_open, first_ration
D:5:      layout_loops_ring, corexii_leaking_fountain
D:6:      layout_cave_pools, temple_green, lightli_ossuary_entry_decrepit_ruins
D:7:      layout_rooms, lemuel_mausoleum_altar_yredelemnul,
          nicolae_gozag_seed_capital, nicolae_ru_sacrificial_ziggurat,
          lightli_minifort

Skill      XL: |  1  2  3  4  5  6  7 |
---------------+----------------------+-----
Spellcasting   | 3 4 5 6 |  6.4
Ice Magic      | 4 5 |  5.9
Stealth        | 2 |  2.5
Dodging        | 2 |  2.5
Maces & Flails | 1 2 |  2.1
Fighting       | 1 |  1.5
Unarmed Combat | |  0.1
Charms         | |  0.1
Summonings     | |  0.1

Action                   |  1- 3 |  4- 6 |  7- 9 || total
-------------------------+-------+-------+-------++-------
Melee: Unarmed           |    13 |       |       ||    13
       Whip              |    18 |    73 |    53 ||   144
 Cast: Freeze            |    31 |    88 |    23 ||   142
       Frozen Ramparts   |     4 |     9 |     3 ||    16
       Ozocubu's Armour  |       |     1 |     6 ||     7
       Summon Ice Beast  |       |       |     5 ||     5
Evoke: Wand              |       |       |    11 ||    11
  Use: Scroll            |       |       |    12 ||    12
 Stab: Sleeping          |     1 |       |       ||     1
       Distracted        |       |     1 |       ||     1
Armor: Robe              |    14 |    19 |    20 ||    53
Dodge: Dodged            |    34 |    80 |    31 ||   145
